 Dungeon Crawl Stone Soup version 0.23.0 (webtiles) character file.

Game seed: 1696722906490100109

38 Murks the Insei (level 3, 0/26 HPs)
             Began as a Merfolk Transmuter on Feb 19, 2019.
             Succumbed to an adder's poison
             ... on level 2 of the Dungeon.
             The game lasted 00:05:02 (1559 turns).

Murks the Insei (Merfolk Transmuter)                Turns: 1559, Time: 00:05:03

Health: 0/26       AC:  3    Str: 10    XL:     3   Next: 43%
Magic:  6/6        EV: 13    Int: 13    God:
Gold:   33         SH:  0    Dex: 14    Spells: 2/6 levels left

rFire    . . .     SeeInvis .     - Unarmed
rCold    . . .     Gourm    .   (no shield)
rNeg     . . .     Faith    .   b - +0 robe
rPois    +         Spirit   .   (no helmet)
rElec    .         Reflect  .   j - +0 cloak
rCorr    .         Harm     .   (no gloves)
MR       .....                  (no boots)
Stlth    +.........             (no amulet)
HPRegen  0.08/turn              (no ring)
MPRegen  0.10/turn              (no ring)

@: lethally poisoned (0 -> -10), appendage (expiring), flying, hasted, very
quick
A: change form in water, swift swim, stealthy swim, horns 2, poison resistance,
screaming 1
a: End Transformation


You were on level 2 of the Dungeon.
You were hungry.
You had grown temporary horns.
You visited 1 branch of the dungeon, and saw 2 of its levels.

You collected 33 gold pieces.

Inventory:

Missiles
 a - 12 arrows
 e - 23 sling bullets
 f - 53 stones (quivered)
Armour
 b - a +0 robe (worn)
 j - a +0 cloak (worn)
Scrolls
 g - a scroll of fog {unknown}
 i - 2 scrolls of identify {unknown}
 l - a scroll of random uselessness {unknown}
Comestibles
 d - 2 rations
 h - 2 chunks of flesh


   Skills:
 - Level 1.1 Fighting
 - Level 3.3 Dodging
 - Level 4.1 Unarmed Combat
 - Level 2.0 Spellcasting
 * Level 3.0 Transmutations
 * Level 0.9 Poison Magic


You had 2 spell levels left.
You knew the following spells:

 Your Spells              Type           Power        Failure   Level  Hunger
a - Beastly Appendage     Tmut           #.....       8%          1    ##.....
b - Spider Form           Tmut/Pois      #.........   32%         3    ####...

Your spell library contained the following spells:

 Spells                   Type           Power        Failure   Level  Hunger
 Sticks to Snakes         Tmut           #.......     11%         2    ###....
 Ice Form                 Ice/Tmut       #.......     80%         4    #####..
 Blade Hands              Tmut           #.........   90%         5    ######.


Dungeon Overview and Level Annotations

Branches:
Dungeon (2/15)

Altars:


Innate Abilities, Weirdness & Mutations

You revert to your normal form in water You are very nimble and swift while swimming.
You are very stealthy in the water. (Stealth+)
You have a pair of horns on your head.
Your system is resistant to poisons. (rPois)
You occasionally shout uncontrollably at your foes.


Message History

You feel resistant to poisons.
* * * LOW HITPOINT WARNING * * *
You feel sick. The adder barely misses you.
The adder bites you but does no damage.
It was a potion of haste.
You feel yourself speed up.
Your transformation is almost over.
* * * LOW HITPOINT WARNING * * *
You feel sick. The adder bites you.
* * * LOW HITPOINT WARNING * * *
It was a potion of flight.
You feel very buoyant.
You fly up into the air.
The adder closely misses you.
It was a potion of magic.
Magic courses through your body.
* * * LOW HITPOINT WARNING * * *
You feel sick. The adder closely misses you.
You are too injured to fight recklessly!
You are too injured to fight recklessly!
You hit the adder. Your headbutt misses the adder.
The adder is almost dead.
You die...

...........<.
#.#........) ..
####.#.......# ##.
#............# ..#
#รท#.......# . .(
#.[.......## #####.##
#......##..#### ..$....#
#).............
#####..###....#.@S......
..............###.......
..............# ...>...
...###........# #......
.........#....# ......
...........#### .#.###
....###.#.## #.#
............ .
.............


You could see an adder.

Vanquished Creatures
  An ooze (D:1)
  A dart slug (D:1)
  A ball python (D:1)
  A giant cockroach (D:1)
  3 goblins (D:1)
  7 hobgoblins
  A quokka (D:2)
  7 bats
  A frilled lizard (D:1)
  3 kobolds
  5 rats (D:1)
31 creatures vanquished.

Notes
Turn   | Place    | Note
-------+----------+-------------------------------------------
     0 | D:1      | Murks the Merfolk Transmuter began the quest for the Orb.
     0 | D:1      | Reached XP level 1. HP: 15/15 MP: 3/3
   451 | D:1      | Reached XP level 2. HP: 21/21 MP: 3/5
   634 | D:1      | Reached skill level 4 in Unarmed Combat
   921 | D:1      | Reached XP level 3. HP: 21/26 MP: 6/6
   926 | D:1      | Learned a level 3 spell: Spider Form
  1555 | D:2      | Gained mutation: You are clumsy. (Dex -2) [potion of
                  | mutation]
  1555 | D:2      | Lost mutation: You are clumsy. (Dex -2) [potion of
                  | mutation]
  1555 | D:2      | Gained mutation: You occasionally shout uncontrollably at
                  | your foes. [potion of mutation]
  1555 | D:2      | Gained mutation: Your system is resistant to poisons.
                  | (rPois) [potion of mutation]
  1558 | D:2      | HP: 1/26 [poisoned by an adder]
  1559 | D:2      | Succumbed to an adder's poison

Skill      XL: |  1  2  3 |
---------------+----------+-----
Dodging        | 3 |  3.3
Unarmed Combat | 4 |  4.1
Transmutations | 3 |  3.0
Fighting       | |  1.1
Spellcasting   | |  2.0
Poison Magic   | |  0.9

Action                   || total
-------------------------++-------
Melee: Unarmed           ||   103
       Headbutt          ||     8
 Cast: Beastly Appendage ||    16
  Use: Potion            ||     4
  Eat: Chunk             ||     2
Armor: Robe              ||    35
Dodge: Dodged            ||    68
